 Dungeon Crawl Stone Soup version 0.20.1-1-g8b1a95d (webtiles) character file.

517219 raph the Cutthroat (level 27, -3/188 HPs)
             Began as a Halfling Berserker on Oct 6, 2017.
             Was an Elder of Trog.
             Slain by a titan (28 damage)
             ... on level 5 of the Vaults on Oct 7, 2017.
             The game lasted 05:25:13 (77383 turns).

raph the Cutthroat (Halfling Berserker)            Turns: 77383, Time: 05:25:14

Health: -3/188     AC: 38    Str: 22    XL:     27
Magic:  28/34      EV: 34    Int:  3    God:    Trog [****..]
Gold:   4156       SH: 20    Dex: 37    Spells: 26/26 levels left

rFire    + + +     SeeInvis +   T - +8 rapier (holy)
rCold    + . .     Gourm    .   Z - +3 buckler {rN+}
rNeg     + + .     Faith    .   p - +8 fire dragon scales
rPois    +         Spirit   .   E - +2 helmet
rElec    +         Reflect  +   y - +2 cloak
rCorr    +         Harm     .   e - +2 pair of gloves {Dex+3}
MR       +++++                  r - +2 pair of boots {run}
Stlth    ++++++....             f - amulet of the Eight Runes {Reflect Slay+3 SH+4}
Regen    1.5/turn               J - ring "Pisifobo" {rF+ rC+ rN+ Int-2 Slay+2}
MPRegen  0.3/turn               I - ring "Kaosk" {*Contam MR+ Str+4 Dex+9 SInv}

@: resistant, regenerating, hasted (expiring), very quick
A: clumsy 1, mutation resistance 1
}: 1/15 runes: gossamer
a: Berserk, Trog's Hand, Brothers in Arms, Burn Spellbooks, Renounce Religion


You were on level 5 of the Vaults.
You worshipped Trog.
Trog was greatly pleased with you.
You were near starving.

You visited 8 branches of the dungeon, and saw 44 of its levels.

You collected 6065 gold pieces.
You spent 1909 gold pieces at shops.

Inventory:

Hand Weapons
 a - a +9 antimagic rapier
 b - the +7 rapier of the Shrike {pierce, +Blink +Fly}
   (Trog gifted it to you on level 1 of the Elven Halls)

   It inflicts extra damage upon your enemies.
   It lets you fly.
   It lets you blink.
 h - a +9 quick blade
 T - a +8 rapier of holy wrath (weapon)
Missiles
 n - 6 exploding tomahawks
 D - 3 poisoned tomahawks
 S - 15 tomahawks of returning (quivered)
Armour
 e - a +2 pair of gloves of dexterity (worn)
 p - +8 fire dragon scales (worn)
 r - a +2 pair of boots of running (worn)
 y - a +2 cloak (worn)
 E - a +2 helmet (worn)
 Z - a +3 buckler of positive energy (worn)
Jewellery
 f - the amulet of the Eight Runes (around neck) {Reflect Slay+3 SH+4}
   (You bought it in a shop on level 15 of the Dungeon)

   [amulet of reflection]

   It shields you and reflects attacks.
   It affects your accuracy and damage with ranged weapons and melee attacks
   (+3).
   It affects your SH (+4).
 C - the ring "Tacsalast" {MR+ Str+3 Int+4 Dex+4}
   (You found it on level 1 of the Swamp)

   [ring of strength]

   It affects your strength (+3).
   It affects your intelligence (+4).
   It affects your dexterity (+4).
   It affects your resistance to hostile enchantments.
 I - the ring "Kaosk" (right hand) {*Contam MR+ Str+4 Dex+9 SInv}
   (You found it on level 5 of the Lair of Beasts)

   [ring of see invisible]

   It affects your strength (+4).
   It affects your dexterity (+9).
   It affects your resistance to hostile enchantments.
   It lets you see invisible.
   It causes magical contamination when unequipped.
 J - the ring "Pisifobo" (left hand) {rF+ rC+ rN+ Int-2 Slay+2}
   (You found it on level 15 of the Dungeon)

   [ring of protection from fire]

   It affects your intelligence (-2).
   It affects your accuracy and damage with ranged weapons and melee attacks
   (+2).
   It protects you from fire.
   It protects you from cold.
   It protects you from negative energy.
Wands
 k - a wand of disintegration (6/24)
 m - a wand of clouds (0/9)
 s - a wand of iceblast (4/15)
 z - a wand of acid (9/15)
 H - a wand of scattershot (5/9)
 Q - a wand of scattershot (3/9)
 R - a wand of acid (4/15)
 X - a wand of flame (16/48)
Scrolls
 j - 2 scrolls of holy word
 l - 17 scrolls of teleportation
 x - 3 scrolls of summoning
 A - 2 scrolls of magic mapping
 G - 18 scrolls of remove curse
 K - 11 scrolls of identify
 L - 6 scrolls of fear
 O - 2 scrolls of blinking
 P - 6 scrolls of fog
Potions
 d - a potion of heal wounds
 i - 2 potions of resistance
 o - 21 potions of curing
 t - 7 potions of cancellation
 u - 3 potions of berserk rage
 w - 6 potions of agility
 B - 3 potions of flight
 M - a potion of invisibility
 V - 4 potions of haste
Miscellaneous
 g - a phial of floods (inert)
 v - a lamp of fire
 U - 2 sacks of spiders
Comestibles
 c - 19 bread rations
 q - a meat ration
 F - a royal jelly
 N - 2 chunks of flesh


   Skills:
 + Level 15.6 Fighting
 * Level 22.6 Short Blades
 + Level 13.3 Throwing
 + Level 18.5 Armour
 + Level 17.8 Dodging
 + Level 16.6 Stealth
 + Level 17.4 Shields
 + Level 15.7 Evocations


You had 26 spell levels left.
You didn't know any spells.

Dungeon Overview and Level Annotations

Branches:
Dungeon (15/15)            Temple (0/1) D:6            Lair (6/6) D:9
  Swamp (4/4) Lair:2       Spider (4/4) Lair:4        Slime (0/5) Lair:5
    Orc (2/2) D:9             Elf (3/3) Orc:2        Vaults (5/5) D:14
  Crypt (0/3) Vaults:2     Depths (5/5) D:15            Zot (0/5) Depths:5

Altars:
Ashenzari
Cheibriados
Dithmenos
Elyvilon
Fedhas
Hepliaklqana
Kikubaaqudgha
Ru
Sif Muna
Trog
Uskayaw
Xom
Zin
Beogh
Jiyva
Lugonu

Shops:
D:11 %   D:15 [([(=   Orc:1 [   Orc:2 ((!*   Elf:2 !   Vaults:1 }   Vaults:2 %

Portals:
Hell: Depths:1 Depths:2 Depths:3 Depths:4 Depths:5
Abyss: Depths:2 Depths:3 Depths:4
Pandemonium: Depths:2 Depths:3
Ziggurat: Depths:1
Trove: D:14 (give +5 ice dragon scales)

Annotations:
Lair:5 exclusion: oklob plant
Swamp:4 Lernaean hydra
Elf:2 2 runed doors
Depths:1 exclusion: downstairs


Innate Abilities, Weirdness & Mutations

You are small and have problems with some larger weapons.
You are somewhat resistant to further mutation.
You are clumsy. (Dex -2)


Message History

Aim the phial where?
Press: ? - help, Shift-Dir - straight line, f - deep elf demonologist
Aim: a deep elf demonologist, wielding a rapier and wearing a ring mail (severely wounded, unusually strong)
The vault guard blocks the torrent of water.
The wave splashes down.
The water rises up and takes form.
Your extra speed is starting to run out.
You hear a shout! x2; You hear a chilling moan.
The vault guard seems less drained.
You block the Executioner's attack. x3
The vault warden hits you from afar with a halberd!!
* * * LOW HITPOINT WARNING * * *
The vault warden evades a web.
The Executioner hits you but does no damage. x2
The Executioner closely misses you.
The deep elf annihilator evades a web.
The deep elf sorcerer is caught in a web!
The titan mumbles some strange words.
The titan is healed somewhat.
The vault guard hits your redback with a vampiric halberd!
The yaktaur captain hits your water elemental!
The titan hits you!!
You die...

.. #....#.#.#.
...#.....#.#. .
...#.....c#. .#
....?...pQ.#.#
##....C3p2c.###
.....ppCXQ14...
..§§.sp1pee4...
...§§9W@pDGe...
..§§p§DDCCCc§..


##§§DpppppE#o## #.....cpp§C§Y .#.#....p.§§... #c #$...#QCC§.. T #..........#
#....#....#. You could see a shadow dragon, a tentacled monstrosity, 4 titans, a
golden dragon, 2 storm dragons, a frost giant, a Brimstone Fiend, a stone giant,
4 vault wardens, 3 tengu reavers, 4 yaktaur captains, 10 vault guards, an
elephant, an orc knight, a deep elf annihilator, 2 ettins, an Executioner, a
deep elf sorcerer (webbed), a deep troll, a sun demon, a deep elf demonologist,
a war gargoyle, a vault sentinel, a phantasmal warrior, an ironbrand convoker, a
yaktaur, an eye of draining shaped shifter, a tormentor, a chaos spawn, a red
devil, a friendly water elemental and a friendly redback.

Vanquished Creatures
  Mennas (Depths:2)
  An ancient lich (Depths:1)
  Mara (Depths:3)
  Boris (Depths:5)
  Sojobo (Vaults:4)
  Frederick (Depths:5)
  Saint Roka (Depths:1)
  6 golden dragons
  The ghost of shugdite the Swordmaster, an adept MiFi of Okawaru (Elf:3)
  Arachne (Spider:2)
  4 tentacled monstrosities
  2 liches (Depths:4)
  2 deep elf blademasters (Elf:3)
  A quicksilver dragon (Depths:4)
  A titan (Vaults:5)
  2 deep elf master archers (Elf:3)
  Kirke (Spider:2)
  5 thorn hunters
  Agnes (D:15)
  Gastronok (D:8)
  3 sphinxes
  A shadow dragon (Depths:4)
  Donald (Swamp:2)
  6 tengu reavers
  5 fire giants
  6 deep elf sorcerers
  3 daevas (Depths:2)
  2 ghost moths (Spider:4)
  2 deep elf elementalists (Elf:3)
  6 emperor scorpions (Spider:4)
  Aizul (Swamp:1)
  14 vault wardens
  5 frost giants
  A balrug (Depths:4)
  2 iron dragons
  Louise (Swamp:2)
  An emperor scorpion (shapeshifter) (Vaults:3)
  7 ironheart preservers
  A draconian annihilator (Depths:5)
  3 reapers
  A draconian shifter (Depths:5)
  A spriggan defender (Depths:4)
  3 angels (Depths:2)
  2 vampire knights
  22 very ugly things
  15 deep elf demonologists
  17 stone giants
  2 entropy weavers
  A black draconian (Depths:5)
  A dire elephant (shapeshifter) (Depths:4)
  7 deep elf annihilators
  Azrael (Orc:2)
  2 white draconians (Depths:5)
  A purple draconian (Depths:5)
  A red draconian (Depths:5)
  4 spark wasps
  10 ettins
  A yellow draconian (Depths:5)
  2 blizzard demons
  8 deep elf death magi (Elf:3)
  Snorg (Lair:5)
  Josephine (D:15)
  5 fire dragons
  7 deep elf high priests
  2 jiangshi (Depths:1)
  11 great orbs of eyes
  9 yaktaur captains
  A small abomination (Depths:5)
  The ghost of Endymion the Pandemonic, a journeyman TrMo of Makhleb (D:11)
  9 ogre magi
  9 ice dragons
  5 rakshasas
  4 ghost crabs
  23 hydras
  12 centaur warriors
  A catoblepas (D:13)
  20 vault guards
  5 spriggan air magi
  2 death knights
  An anaconda (Swamp:3)
  Erica (D:8)
  7 alligators
  A large abomination (Depths:5)
  12 spriggan berserkers
  2 vampire magi
  9 deep troll earth magi
  22 tengu warriors
  14 deep troll shamans
  17 dancing weapons
  5 orc high priests
  38 two-headed ogres
  14 deep elf knights
  3 soul eaters (Depths:4)
  3 sun demons (Depths:4)
  3 iron trolls
  10 hell knights
  A shadow wraith (Vaults:3)
  A quicksilver dragon simulacrum (Depths:4)
  11 skeletal warriors
  A spark wasp zombie (Depths:2)
  An infernal demonspawn (Depths:2)
  A spriggan druid (Swamp:3)
  3 unseen horrors
  6 cherubim (Depths:2)
  3 flayed ghosts
  13 wizards
  A torturous demonspawn (Depths:2)
  36 deep trolls
  16 deep elf archers
  4 shambling mangroves
  A swamp dragon (shapeshifter) (Elf:3)
  2 obsidian statues (Depths:1)
  9 swamp dragons
  5 glowing orange brains
  6 necromancers
  2 phantasmal warriors
  18 orc knights
  A shadow dragon zombie (Vaults:4)
  An orange crystal statue (Depths:1)
  3 lindwurms (Lair:6)
  12 ironbrand convokers
  5 orc sorcerers
  50 deep elf magi
  7 harpies
  22 orb spiders
  A tengu skeleton (Vaults:2)
  35 wolf spiders
  48 ugly things
  5 cyclopes
  4 oklob plants (Lair:5)
  A stone giant zombie (Depths:2)
  4 moths of wrath
  A manticore (shapeshifter) (D:14)
  The ghost of Patate the Cleaver, a novice HOFi (D:5)
  15 elephants
  2 stone giant skeletons
  A centaur zombie (D:15)
  An ice statue (Depths:4)
  7 vault sentinels
  2 torpor snails
  9 black mambas
  An orange demon (Depths:2)
  8 rust devils
  Psyche (D:8)
  2 centaur skeletons (D:14)
  4 gargoyles
  27 spiny frogs
  11 komodo dragons
  A rime drake (Lair:6)
  3 kobold demonologists (D:13)
  7 freezing wraiths
  54 yaktaurs
  A rime drake (shapeshifter) (Depths:3)
  3 ice devils
  2 efreet
  19 demonic crawlers
  A komodo dragon (shapeshifter) (Depths:1)
  A polar bear (shapeshifter) (Depths:2)
  A yaktaur skeleton (Vaults:2)
  3 meliai (shapeshifter)
  2 red devils (Depths:4)
  5 tyrant leeches
  4 meliai
  7 tengu conjurers
  A jumping spider (shapeshifter) (Vaults:1)
  A queen bee (shapeshifter) (Depths:1)
  23 jumping spiders
  6 polar bears
  12 trolls
  A troll (shapeshifter) (Vaults:2)
  38 hornets
  2 hornets (shapeshifter)
  A wind drake (shapeshifter) (Elf:2)
  8 dream sheep
  57 slime creatures
  8 blink frogs (Lair:6)
  A snapping turtle (shapeshifter) (Vaults:4)
  An ettin zombie (Vaults:4)
  14 hippogriffs
  A hippogriff (shapeshifter) (Depths:2)
  3 bog bodies
  The ghost of raikaria the Magician, an amateur TeVM (D:4)
  3 flying skulls (Depths:4)
  8 air elementals
  2 redbacks (shapeshifter)
  7 shadows
  2 spriggan skeletons (Depths:2)
  44 redbacks
  4 water elementals
  2 ettin skeletons (Vaults:2)
  A tarantella (shapeshifter) (Depths:2)
  9 wraiths
  3 wyverns
  33 spriggans
  A basilisk (shapeshifter) (Vaults:5)
  2 humans
  38 yaks
  2 hungry ghosts
  18 tarantellas
  2 golden eyes (shapeshifter)
  5 fire elementals
  4 basilisks
  A redback simulacrum (D:14)
  15 vampire mosquitoes
  7 wargs
  2 acid dragons
  Edmund (D:4)
  25 insubstantial wisps
  24 swamp worms
  18 water moccasins
  5 porcupines
  6 hell hounds
  A deep troll skeleton (Vaults:2)
  6 ice beasts
  65 orc warriors
  7 sky beasts
  6 black bears
  14 swamp drakes
  An eye of draining (shapeshifter) (Depths:1)
  42 ogres
  2 phantoms
  3 ettin simulacra
  An eye of draining (D:14)
  31 wolves
  19 boggarts
  An orc skeleton (Vaults:2)
  16 centaurs
  12 crocodiles
  4 big kobolds
  17 bullfrogs
  A gnoll sergeant (D:12)
  7 human skeletons
  2 earth elementals (Elf:1)
  2 wyvern zombies
  A wyvern skeleton (D:12)
  4 scorpions
  12 killer bees (D:10)
  4 wights (D:13)
  An electric eel (Spider:4)
  A howler monkey (D:5)
  A vampire bat (Lair:5)
  5 crimson imps
  A quasit (D:6)
  A bullfrog zombie (D:7)
  9 hounds
  50 orc priests
  A gnoll shaman (D:8)
  An iron imp (Depths:3)
  A bullfrog skeleton (D:5)
  36 orc wizards
  4 iguanas
  12 worker ants
  A hound zombie (D:10)
  A hound skeleton (D:7)
  A howler monkey zombie (D:8)
  14 adders
  17 gnolls
  4 shadow imps
  An ooze (D:2)
  2 adder skeletons
  14 worms
  7 leopard geckos
  164 orcs
  13 bats
  5 giant cockroaches
  A hobgoblin (D:1)
  5 jackals (D:2)
  2 quokkas
  A ball python (D:2)
  8 frilled lizards
  A giant cockroach zombie (D:5)
  4 goblins
  23 kobolds
  A leopard gecko zombie (D:6)
  A quokka skeleton (D:8)
  6 rats
  2 crawling corpses
  A plant (D:9)
2223 creatures vanquished.

Vanquished Creatures (collateral kills)
  Xtahua (Depths:5)
  Bai Suzhen (Vaults:2)
  A lich (Depths:4)
  2 storm dragons (Depths:4)
  Roxanne (D:15)
  2 vault wardens
  An orc warlord (Orc:2)
  An ironheart preserver (Vaults:2)
  A deep elf elementalist (Elf:3)
  A deep elf annihilator (Elf:3)
  2 deep elf death magi (Elf:3)
  A fire dragon (Vaults:3)
  2 deep elf high priests (Elf:3)
  A death knight (Vaults:4)
  An ice dragon (Depths:2)
  2 two-headed ogres (Vaults:4)
  An ogre mage (Vaults:4)
  A deep troll earth mage (Depths:2)
  A hell knight (Depths:4)
  5 deep trolls
  A lindwurm (Lair:6)
  A spiny frog (Swamp:1)
  A freezing wraith (Depths:4)
  5 yaktaurs
  A tyrant leech (Swamp:1)
  2 slime creatures (Vaults:2)
  A dream sheep (D:8)
  A yak (D:8)
  A vampire mosquito (Swamp:1)
  A warg (Orc:2)
  An orc warrior (Orc:2)
  2 ogres (Vaults:4)
  2 big kobolds (D:8)
  An orc priest (Orc:2)
  4 orc wizards (Orc:2)
  5 orcs (Orc:2)
59 creatures vanquished.

Vanquished Creatures (others)
  A storm dragon (Depths:5)
  A stone giant (Depths:2)
  A fire dragon (Depths:5)
  A yaktaur captain (Vaults:3)
  A great orb of eyes (Vaults:3)
  A quicksilver dragon simulacrum (Depths:4)
  A cyclops (Vaults:1)
  10 yaktaurs
  4 hornets
  A slime creature (Swamp:4)
  2 spriggans (Swamp:4)
  A human (Spider:2)
  A swamp drake (Swamp:4)
  2 ettin simulacra (Depths:4)
  An ogre (Depths:3)
  2 centaurs
  An orc priest (Orc:2)
  An orc wizard (Orc:1)
  10 fungi
  7 plants
  9 toadstools (Lair:5)
59 creatures vanquished.

Grand Total: 2341 creatures vanquished

Notes
Turn   | Place    | Note
-------+----------+-------------------------------------------
     0 | D:1      | raph the Halfling Berserker began the quest for the Orb.
     0 | D:1      | Reached XP level 1. HP: 15/15 MP: 1/1
   163 | D:1      | Reached XP level 2. HP: 20/20 MP: 2/2
   547 | D:1      | Reached skill level 4 in Short Blades
  1042 | D:2      | Reached XP level 3. HP: 25/25 MP: 3/3
  1281 | D:2      | Reached XP level 4. HP: 31/31 MP: 4/4
  1744 | D:2      | Reached ** piety under Trog
  2015 | D:3      | Found a sacrificial altar of Ru.
  2038 | D:3      | Reached skill level 5 in Short Blades
  2038 | D:3      | Reached XP level 5. HP: 36/36 MP: 5/5
  2107 | D:3      | Found a shimmering altar of Xom.
  2107 | D:3      | Found a snail-covered altar of Cheibriados.
  2305 | D:4      | Noticed a phantom
  2388 | D:4      | Noticed Edmund
  2410 | D:4      | Killed Edmund
  2410 | D:4      | Reached skill level 1 in Shields
  2410 | D:4      | Reached XP level 6. HP: 42/42 MP: 6/6
  2443 | D:5      | Entered Level 5 of the Dungeon
  2640 | D:5      | Noticed Patate's ghost (novice HOFi)
  2663 | D:5      | Killed Patate's ghost
  2663 | D:5      | Reached skill level 6 in Short Blades
  2663 | D:5      | Reached XP level 7. HP: 5/47 MP: 7/7
  2868 | D:5      | Reached skill level 5 in Armour
  2868 | D:5      | Reached XP level 8. HP: 5/54 MP: 8/8
  3192 | D:5      | Reached skill level 7 in Short Blades
  3721 | D:5      | Found a deep blue altar of Sif Muna.
  3767 | D:5      | Reached skill level 5 in Dodging
  3767 | D:5      | Reached XP level 9. HP: 50/59 MP: 9/9
  4148 | D:5      | Reached *** piety under Trog
  4348 | D:4      | Noticed raikaria's ghost (amateur TeVM)
  4365 | D:4      | Killed raikaria's ghost
  4365 | D:4      | Reached skill level 8 in Short Blades
  4423 | D:4      | Found a shadowy altar of Dithmenos.
  4627 | D:4      | Reached skill level 5 in Fighting
  5343 | D:6      | Found a staircase to the Ecumenical Temple.
  5437 | D:6      | Reached skill level 5 in Shields
  5621 | D:5      | Reached skill level 9 in Short Blades
  5982 | D:6      | Reached XP level 10. HP: 66/66 MP: 10/10
  6137 | D:6      | Found a shadowy altar of Dithmenos.
  6434 | D:7      | Paralysed by a hornet for 2 turns
  6525 | D:7      | Found a hazy altar of Hepliaklqana.
  7571 | D:8      | Reached skill level 10 in Short Blades
  7606 | D:8      | Reached **** piety under Trog
  8037 | D:8      | Noticed Gastronok
  8066 | D:8      | Killed Gastronok
  8066 | D:8      | Reached XP level 11. HP: 53/72 MP: 11/11
  8133 | D:8      | Found a blossoming altar of Fedhas.
  8158 | D:8      | Received a gift from Trog
  8459 | D:8      | Reached skill level 11 in Short Blades
  8710 | D:8      | Noticed a two-headed hydra
  8731 | D:8      | Killed a two-headed hydra
  8784 | D:8      | Noticed Erica
  8988 | D:9      | Found a white marble altar of Elyvilon.
  9034 | D:9      | Found a staircase to the Lair.
  9138 | D:9      | Noticed Psyche
  9233 | D:8      | Killed Psyche
  9516 | D:8      | Killed Erica
  9516 | D:8      | Reached skill level 12 in Short Blades
  9561 | D:8      | Got a sparkling brass ring
  9874 | D:9      | Found a staircase to the Orcish Mines.
 10238 | D:9      | Reached skill level 10 in Armour
 10458 | D:9      | Reached XP level 12. HP: 81/81 MP: 12/12
 10734 | D:9      | You fall through a shaft for 2 floors!
 10799 | D:11     | Noticed Endymion's ghost (journeyman TrMo)
 10844 | D:11     | Found Mampufra's Food Shop.
 10984 | D:10     | Entered Level 10 of the Dungeon
 11164 | D:10     | Noticed a two-headed ogre
 11176 | D:10     | Killed a two-headed ogre
 11270 | Lair:1   | Entered Level 1 of the Lair of Beasts
 11308 | Lair:1   | Reached ***** piety under Trog
 11608 | Lair:1   | Identified the ring "Attiexiff" {MR+ Stlth+} (You found it on level 8 of the Dungeon)
 11708 | Lair:1   | Noticed a seven-headed hydra
 11720 | Lair:1   | Killed a seven-headed hydra
 11720 | Lair:1   | Reached skill level 1 in Evocations
 12232 | Lair:1   | Reached skill level 13 in Short Blades
 13012 | Lair:2   | Found a staircase to the Swamp.
 13930 | Lair:3   | Reached skill level 1 in Stealth
 14036 | Lair:3   | Found a frozen archway.
 14062 | Lair:3   | Reached XP level 13. HP: 88/88 MP: 15/15
 14532 | Lair:3   | Reached skill level 5 in Evocations
 14532 | Lair:3   | Reached XP level 14. HP: 72/95 MP: 15/18
 14841 | Lair:3   | Received a gift from Trog
 16269 | Lair:4   | Found a hole to the Spider Nest.
 16944 | Lair:5   | Found a blossoming altar of Fedhas.
 16994 | Lair:5   | Found a viscous altar of Jiyva.
 16995 | Lair:5   | Found a staircase to the Slime Pits.
 17152 | Lair:5   | Noticed Snorg
 17172 | Lair:5   | Killed Snorg
 17172 | Lair:5   | Reached skill level 14 in Short Blades
 17750 | Lair:5   | Reached skill level 10 in Shields
 18859 | Lair:6   | Entered Level 6 of the Lair of Beasts
 18913 | Lair:6   | Reached XP level 15. HP: 99/102 MP: 20/20
 19127 | Lair:6   | Reached skill level 10 in Dodging
 19400 | Orc:1    | Entered Level 1 of the Orcish Mines
 19618 | Orc:1    | Found Jarrogimp's Antique Armour Shop.
 19658 | Orc:1    | Bought a glowing helmet for 247 gold pieces
 19755 | Orc:1    | Reached skill level 1 in Throwing
 19900 | Orc:1    | Received a gift from Trog
 19918 | Orc:1    | Found a roughly hewn altar of Beogh.
 20214 | Orc:1    | Received a gift from Trog
 20713 | Orc:2    | Entered Level 2 of the Orcish Mines
 20873 | Orc:2    | Noticed Azrael
 20921 | Orc:2    | Killed Azrael
 21546 | Orc:2    | Found a roughly hewn altar of Beogh.
 21574 | Orc:2    | Received a gift from Trog
 21953 | Orc:2    | Found Mydi Ewk's Assorted Antiques.
 21957 | Orc:2    | Bought a scroll of identify for 52 gold pieces
 21957 | Orc:2    | Bought a scroll of enchant weapon for 195 gold pieces
 21963 | Orc:2    | Found Firarrixy's Distillery.
 22122 | Orc:2    | Bought a potion of heal wounds for 70 gold pieces
 22122 | Orc:2    | Bought a potion of heal wounds for 70 gold pieces
 22550 | Orc:2    | Noticed an orc warlord
 22556 | Orc:2    | Killed an orc warlord
 22590 | Orc:2    | Reached skill level 10 in Fighting
 22826 | Orc:2    | Found a roughly hewn altar of Beogh.
 23058 | Orc:2    | Found Huaboc's Antique Weapon Boutique.
 23168 | Orc:2    | Found Onned's Weapon Shoppe.
 23298 | Orc:2    | Received a gift from Trog
 23611 | Orc:2    | Found a staircase to the Elven Halls.
 24733 | D:10     | Received a gift from Trog
 25585 | D:11     | Killed Endymion's ghost
 25585 | D:11     | Reached XP level 16. HP: 109/109 MP: 7/22
 27614 | D:13     | Received a gift from Trog
 28083 | D:14     | Found a gate to the Vaults.
 28087 | D:14     | Reached skill level 15 in Short Blades
 28195 | D:14     | Identified a scroll of acquirement
 28196 | D:14     | Got a shimmering zirconium amulet
 28197 | D:14     | Identified the amulet "Ageplamism" {Spirit rC+ MR+ Str-4} (You acquired it on level 14 of the Dungeon)
 29141 | D:14     | Found a portal to a secret trove of treasure.
 29363 | D:15     | Entered Level 15 of the Dungeon
 29379 | D:15     | Found Emac's Antique Armour Shoppe.
 29575 | D:15     | Got a heavily runed turquoise ring
 29577 | D:15     | Identified the ring "Pisifobo" {rF+ rC+ rN+ Int-2 Slay+2} (You found it on level 15 of the Dungeon)
 29647 | D:15     | Found Ownuod's Weapon Boutique.
 29745 | D:15     | Noticed Agnes
 29748 | D:15     | Killed Agnes
 29765 | D:15     | Found Epir's Antique Armour Shoppe.
 29773 | D:15     | Bought a pair of embroidered gloves for 150 gold pieces
 29978 | D:15     | Found Utyrhill's Jewellery Emporium.
 29984 | D:15     | Bought the amulet of the Eight Runes {Reflect Slay+3 SH+4} for 605 gold pieces
 29993 | D:15     | Found Kiqat's Weapon Shoppe.
 30021 | D:15     | Noticed Roxanne
 30028 | D:15     | Killed Roxanne
 30065 | D:15     | Noticed Josephine
 30091 | D:15     | Killed Josephine
 30165 | D:15     | Received a gift from Trog
 30187 | D:15     | Reached XP level 17. HP: 115/117 MP: 8/24
 31427 | Lair:5   | Reached ****** piety under Trog
 31789 | Lair:6   | Received a gift from Trog
 32699 | Swamp:1  | Entered Level 1 of the Swamp
 32818 | Swamp:1  | Reached skill level 10 in Evocations
 32822 | Swamp:1  | Noticed Aizul
 32845 | Swamp:1  | Killed Aizul
 32918 | Swamp:1  | Got a fine marble ring
 32920 | Swamp:1  | Identified the ring "Tacsalast" {MR+ Str+3 Int+4 Dex+4} (You found it on level 1 of the Swamp)
 33457 | Swamp:1  | Noticed a thorn hunter
 33472 | Swamp:1  | Killed a thorn hunter
 34039 | Swamp:2  | Noticed Louise
 34060 | Swamp:2  | Killed Louise
 34340 | Swamp:2  | Noticed Donald
 34345 | Swamp:2  | Noticed a thorn hunter
 34359 | Swamp:2  | Killed Donald
 34359 | Swamp:2  | Received a gift from Trog
 34389 | Swamp:2  | Killed a thorn hunter
 34919 | Swamp:2  | Received a gift from Trog
 35053 | Swamp:2  | Reached skill level 16 in Short Blades
 35895 | Swamp:2  | Noticed a thorn hunter
 35902 | Swamp:2  | Reached XP level 18. HP: 111/124 MP: 8/25
 36229 | Swamp:3  | Found a transporter.
 37280 | Swamp:3  | Received a gift from Trog
 37508 | Swamp:3  | Found a transporter.
 37846 | Swamp:3  | Got a coiled iron amulet
 37848 | Swamp:3  | Identified the amulet of the Seer {Reflect rC+ Str+2 SH+3} (You found it on level 3 of the Swamp)
 37870 | Swamp:3  | Got a clouded glass ring
 37873 | Swamp:3  | Identified the ring of Wishful Thinking {rCorr rC- MR+ Dex+3} (You found it on level 3 of the Swamp)
 37956 | Swamp:1  | Reached skill level 5 in Throwing
 38130 | Swamp:4  | Entered Level 4 of the Swamp
 39120 | Swamp:4  | Noticed the 27-headed Lernaean hydra
 39808 | Lair:5   | Got a pitted tin ring
 39810 | Lair:5   | Identified the ring "Kaosk" {*Contam MR+ Str+4 Dex+9 SInv} (You found it on level 5 of the Lair of Beasts)
 39909 | Spider:1 | Entered Level 1 of the Spider Nest
 40606 | Spider:1 | Received a gift from Trog
 41034 | Spider:1 | Reached XP level 19. HP: 131/131 MP: 9/27
 41286 | Spider:2 | Noticed Arachne
 41310 | Spider:2 | Killed Arachne
 41404 | Spider:2 | Noticed Kirke
 41434 | Spider:2 | Killed Kirke
 41459 | Spider:2 | Reached skill level 10 in Stealth
 41699 | Spider:2 | You fall through a shaft!
 42541 | Spider:4 | Entered Level 4 of the Spider Nest
 43529 | Spider:4 | Received a gift from Trog
 43964 | Spider:4 | Reached skill level 17 in Short Blades
 44932 | Spider:4 | Got a gossamer rune of Zot
 44966 | Spider:4 | Reached XP level 20. HP: 133/138 MP: 9/28
 45384 | Elf:1    | Entered Level 1 of the Elven Halls
 45513 | Elf:1    | Noticed a Tzitzimitl
 45674 | Elf:1    | Received a gift from Trog
 45677 | Elf:1    | Got an ancient rapier {god gift}
 45678 | Elf:1    | Identified the +7 rapier of the Shrike {pierce, +Blink +Fly} (Trog gifted it to you on level 1 of the Elven Halls)
 46086 | Elf:1    | Reached skill level 15 in Armour
 46413 | Elf:1    | Identified the Reference Book on the Escort
 47169 | Elf:2    | Found a runed door.
 47191 | Elf:2    | Found a runed door.
 47390 | Elf:2    | Found Tuadgh's Distillery.
 47399 | Elf:2    | Bought a potion of haste for 120 gold pieces
 47524 | Elf:3    | Entered Level 3 of the Elven Halls
 47541 | Elf:3    | Received a gift from Trog
 47744 | Elf:3    | Noticed shugdite's ghost (adept MiFi)
 47790 | Elf:3    | Killed shugdite's ghost
 49376 | Elf:3    | Noticed an Ice Fiend
 49509 | Elf:3    | Noticed a Hell Sentinel
 49740 | Elf:3    | Reached XP level 21. HP: 145/145 MP: 10/30
 49986 | Elf:3    | Got a sparkling jade ring
 50018 | Elf:3    | Received a gift from Trog
 50101 | Elf:3    | Noticed a Brimstone Fiend
 50780 | Elf:3    | Received a gift from Trog
 50997 | Elf:3    | Identified the ring "Mape" {MR+ Int+4 Slay-4 Stlth+} (You took it off a deep elf mage on level 3 of the Elven Halls)
 51248 | Elf:3    | Identified the Guide on Lethal Moulding
 51771 | Vaults:1 | Entered Level 1 of the Vaults
 52438 | Vaults:1 | Reached skill level 15 in Dodging
 52477 | Vaults:1 | Found Kicoqoed's Gadget Emporium.
 52489 | Vaults:1 | Bought a wand of acid (9/15) for 260 gold pieces
 52552 | Vaults:1 | Received a gift from Trog
 52970 | Vaults:1 | Reached skill level 18 in Short Blades
 52975 | Vaults:1 | Received a gift from Trog
 53671 | Vaults:1 | Received a gift from Trog
 53906 | Vaults:1 | Reached XP level 22. HP: 153/153 MP: 31/31
 54647 | Vaults:2 | Found Emaga's Food Shoppe.
 54716 | Vaults:2 | Reached skill level 15 in Shields
 55107 | Vaults:2 | Noticed Bai Suzhen
 55126 | Vaults:2 | Killed Bai Suzhen
 55197 | Vaults:2 | Received a gift from Trog
 55383 | Vaults:2 | Found a staircase to the Crypt.
 55423 | Vaults:2 | Received a gift from Trog
 55759 | Vaults:2 | Received a gift from Trog
 56486 | Elf:2    | Received a gift from Trog
 57145 | Vaults:3 | Reached skill level 10 in Throwing
 58086 | Vaults:3 | Reached XP level 23. HP: 144/159 MP: 33/33
 58152 | Vaults:3 | Reached skill level 19 in Short Blades
 58232 | Vaults:3 | Received a gift from Trog
 58619 | Vaults:3 | Got a pitted plate armour
 58630 | Vaults:3 | Identified the +9 plate armour of Resonance {rElec Regen+ Str-2 Dex+7} (You found it on level 3 of the Vaults)
 59761 | Vaults:4 | Received a gift from Trog
 60024 | Vaults:4 | Received a gift from Trog
 60042 | Vaults:4 | Noticed Sojobo
 60754 | Vaults:4 | Received a gift from Trog
 60800 | Vaults:4 | Got a translucent leather armour
 60811 | Vaults:4 | Identified the +2 leather armour of the Onion {*Contam rPois Int+4 Stlth+} (You took it off an orc priest on level 4 of the Vaults)
 60857 | Vaults:4 | Gained mutation: You are clumsy. (Dex -2) [mutagenic glow]
 61541 | D:15     | Found a staircase to the Depths.
 61567 | Depths:1 | Entered Level 1 of the Depths
 61741 | Depths:1 | Got a dazzling crystal plate armour
 61752 | Depths:1 | Identified the +12 crystal plate armour "Haiba" {rElec} (You acquired it on level 1 of the Depths)
 61788 | Depths:1 | Found a gateway to a ziggurat.
 61789 | Depths:1 | Found a gateway to Hell.
 62016 | Depths:1 | Got a bound ivory amulet
 62018 | Depths:1 | Identified the amulet "Cuink" {Faith rF+ Int+2} (You took it off a boggart on level 1 of the Depths)
 62157 | Depths:1 | Reached XP level 24. HP: 148/166 MP: 33/33
 62410 | Depths:1 | Found a shattered altar of Ashenzari.
 62561 | Depths:1 | Noticed Saint Roka
 62606 | Depths:1 | Received a gift from Trog
 62625 | Depths:1 | Killed Saint Roka
 63584 | Depths:1 | Noticed an ancient lich
 63601 | Depths:1 | Killed an ancient lich
 63601 | Depths:1 | Reached skill level 20 in Short Blades
 63748 | Depths:2 | Found a one-way gate to the infinite horrors of the Abyss.
 63810 | Depths:2 | Received a gift from Trog
 64967 | Depths:2 | Noticed Mennas
 66106 | Depths:2 | Found a one-way gate leading to the halls of Pandemonium.
 66126 | Depths:2 | Received a gift from Trog
 66174 | Depths:2 | Found a glowing silver altar of Zin.
 66293 | Depths:2 | Killed Mennas
 66293 | Depths:2 | Reached XP level 25. HP: 115/172 MP: 12/33
 66989 | Depths:2 | Received a gift from Trog
 67130 | Depths:3 | Reached skill level 15 in Stealth
 67458 | Depths:3 | Noticed Mara
 67490 | Depths:3 | Killed Mara
 67669 | Depths:3 | Received a gift from Trog
 68256 | Depths:3 | Received a gift from Trog
 68535 | Depths:3 | Found a corrupted altar of Lugonu.
 69585 | Depths:3 | Received a gift from Trog
 69726 | Depths:4 | Reached skill level 21 in Short Blades
 69864 | Depths:4 | Paralysed by a lich for 6 turns
 70653 | Depths:4 | Reached skill level 15 in Evocations
 70764 | Depths:4 | Reached XP level 26. HP: 169/180 MP: 34/34
 70792 | Depths:4 | Found a deep blue altar of Sif Muna.
 70983 | Depths:4 | Received a gift from Trog
 71047 | Depths:3 | Reached skill level 15 in Fighting
 72020 | Depths:4 | Identified a +0 pair of boots of running (You found it on level 4 of the Depths)
 72151 | Depths:4 | Found a bloodstained altar of Trog.
 72325 | Depths:4 | Found an ancient bone altar of Kikubaaqudgha.
 72431 | Depths:4 | Found a hide-covered altar of Uskayaw.
 72917 | Depths:5 | Entered Level 5 of the Depths
 72923 | Depths:5 | Noticed Boris
 72953 | Depths:5 | Killed Boris
 73069 | Depths:5 | Received a gift from Trog
 73134 | Depths:5 | Noticed Frederick
 73149 | Depths:5 | Lost intelligence.
 73165 | Depths:5 | Killed Frederick
 73991 | Depths:5 | Received a gift from Trog
 74029 | Depths:5 | Reached skill level 22 in Short Blades
 74469 | Depths:5 | Reached XP level 27. HP: 172/187 MP: 34/34
 74825 | Depths:5 | Noticed Xtahua
 75002 | Depths:5 | Found a gate to the Realm of Zot.
 75098 | Depths:5 | Killed Xtahua
 75444 | Depths:5 | Got a pair of warped boots
 75455 | Depths:5 | Identified the +0 pair of boots of Curiosity {rElec} (You acquired it on level 5 of the Depths)
 76157 | D:15     | Bought an embroidered hat for 140 gold pieces
 76748 | Vaults:4 | Killed Sojobo
 77287 | Vaults:5 | Entered Level 5 of the Vaults
 77382 | Vaults:5 | Received a gift from Trog
 77383 | Vaults:5 | Slain by a titan

Skill      XL: |  1  2  3  4  5  6  7  8  9 10 11 12 13 14 15 16 17 18 19 20 21 22 23 24 25 26 27 |
---------------+----------------------------------------------------------------------------------+-----
Short Blades   | 4 5 6 7 9 10 12 13 14 15 16 17 18 19 20 21 22 | 22.6
Fighting       | 3 4 5 6 7 8 9 10 11 12 13 14 15 | 15.6
Dodging        | 3 4 5 7 8 9 11 12 13 14 15 16 17 | 17.8
Armour         | 3 4 5 6 7 9 10 11 12 13 14 15 16 17 18 | 18.5
Shields        | 1 2 4 5 6 7 9 10 11 12 13 14 15 16 17 | 17.4
Evocations     | 2 5 7 8 9 10 11 12 13 14 15 | 15.7
Stealth        | 1 6 7 9 10 11 12 13 14 15 16 | 16.6
Throwing       | 2 4 6 7 8 9 10 11 12 13 | 13.3

Action                   |  1- 3 |  4- 6 |  7- 9 | 10-12 | 13-15 | 16-18 | 19-21 | 22-24 | 25-27 || total
-------------------------+-------+-------+-------+-------+-------+-------+-------+-------+-------++-------
Melee: Short sword       |   106 |   177 |   401 |   385 |       |       |       |       |       ||  1069
       Dagger            |       |       |    27 |   739 |   177 |       |       |       |       ||   943
       Rapier            |       |       |       |       |  1455 |  2191 |  1608 |  2340 |  1850 ||  9444
       Quick blade       |       |       |       |       |       |    46 |   144 |    79 |       ||   269
Throw: Tomahawk          |       |       |       |     2 |    36 |    75 |   175 |    56 |   116 ||   460
Invok: Berserk           |     1 |     4 |    14 |    24 |    12 |    16 |    15 |    17 |     9 ||   112
       Trog's Hand       |       |     1 |     4 |     6 |     6 |     1 |     2 |     4 |     8 ||    32
       Burn Spellbooks   |       |       |       |       |     1 |     3 |       |     2 |     2 ||     8
       Brothers in Arms  |       |       |       |       |     1 |     4 |     5 |     9 |    12 ||    31
 Abil: Evoke Blink       |       |       |       |       |       |       |     3 |       |     1 ||     4
       Evoke Flight      |       |       |       |       |       |       |     1 |       |       ||     1
Evoke: Wand              |       |       |     2 |    13 |    21 |    27 |    17 |    16 |    18 ||   114
       Phial of floods   |       |       |       |       |       |       |       |     1 |     1 ||     2
       Lamp of fire      |       |       |       |       |       |       |       |       |     1 ||     1
       Sack of spiders   |       |       |       |       |       |       |       |       |     1 ||     1
  Use: Scroll            |       |       |    16 |    14 |     9 |    14 |    10 |     8 |    16 ||    87
       Potion            |       |       |     1 |     3 |     4 |     3 |     7 |     3 |    11 ||    32
 Stab: Sleeping          |     2 |       |       |       |    27 |    17 |    35 |    26 |     8 ||   115
       Distracted        |       |       |       |       |     3 |     7 |     9 |    12 |     8 ||    39
       Confused          |       |       |       |       |       |       |       |     1 |       ||     1
  Eat: Chunk             |     2 |     6 |    14 |    42 |    45 |    37 |    32 |    38 |    21 ||   237
       Fruit             |       |       |     3 |       |       |       |     4 |       |       ||     7
       Meat ration       |       |       |     2 |     2 |     1 |     6 |     2 |     1 |     3 ||    17
       Royal jelly       |       |       |       |       |       |     1 |     4 |     2 |     1 ||     8
       Bread ration      |       |       |       |       |       |       |     1 |     3 |     3 ||     7
Armor: Plate armour      |    13 |       |       |       |       |       |       |       |       ||    13
       Animal skin       |     1 |       |       |       |       |       |       |       |       ||     1
       Fire dragon scale |    20 |    76 |   126 |   231 |   265 |   342 |    95 |   189 |   359 ||  1703
       Leather armour    |     2 |       |       |       |       |       |       |       |       ||     2
       Swamp dragon scal |       |       |       |       |       |    93 |    86 |       |       ||   179
       Crystal plate arm |       |       |       |       |       |       |       |   200 |       ||   200
Dodge: Dodged            |    71 |   101 |   192 |   488 |   790 |  1279 |   930 |   965 |  1385 ||  6201
Block: Buckler           |       |    18 |   109 |   245 |   431 |  1114 |   963 |  1414 |  1602 ||  5896
       Reflection        |       |       |       |       |       |     8 |    33 |    80 |    60 ||   181
